 Dungeon Crawl Stone Soup version 0.27-a0-1331-g60ef6b6952 (webtiles) character file.

Game seed: 14343594716801230007

210579 Froggeryz the Unseen (level 19, 0/136 HPs)
             Began as an Octopode Berserker on June 25, 2021.
             Was the Champion of Trog.
             Slain by a fenstrider witch (16 damage)
             ... while paralysed by a fenstrider witch
             ... on level 4 of the Swamp.
             The game lasted 01:29:16 (43065 turns).

Froggeryz the Unseen (Octopode Berserker)          Turns: 43065, Time: 01:29:17

Health: 0/136      AC:  7    Str: 13    XL:     19   Next: 27%
Magic:  0/10       EV:  2    Int: 15    God:    Trog [******]
Gold:   1897       SH:  0    Dex: 30    Spells: 18/18 levels left

rFire    + + +     SeeInvis +   B - +9 quick blade (flame)
rCold    + . .     Faith    .   r - +0 kite shield {reflect}
rNeg     . . .     Spirit   +   (helmet restricted)
rPois    +         Reflect  +   C - amulet of guardian spirit
rElec    +         Harm     .   b - +6 ring of dexterity
rCorr    .         Rampage  .   h - +6 ring of dexterity
Will     ++...                  U - ring of willpower
Stlth    ++++++++++             e - +4 ring of protection
HPRegen  0.32/turn              M - ring of protection from fire
MPRegen  0.12/turn              f - ring of Piots {rF++ rC+ Str-5 Int+6}
                                T - ring of willpower
                                N - ring "Egguid" {rElec rPois Will- MP-9 SInv}

@: paralysed
A: almost no armour, amphibious, 8 rings, camouflage 1, gelatinous body 1,
nimble swimmer 1, tentacles, iridescent scales 1
a: Renounce Religion, Berserk, Trog's Hand, Brothers in Arms


You were on level 4 of the Swamp.
You worshipped Trog.
Trog was exalted by your worship.
You visited 6 branches of the dungeon, and saw 31 of its levels.
You visited the Abyss 1 time.
You also visited: Sewer and Gauntlet.

You collected 3286 gold pieces.
You spent 1389 gold pieces at shops.

Inventory:

Hand Weapons
 B - a +9 quick blade of flaming (weapon)
Missiles
 c - 55 poisoned darts
 q - 21 boomerangs
 I - 7 throwing nets
 K - 11 javelins (quivered)
 Q - 10 curare-tipped darts
Armour
 r - a +0 kite shield of reflection (worn)
Jewellery
 b - a +6 ring of dexterity (left tentacle)
 e - a +4 ring of protection (on tentacle)
 f - the ring of Piots (on tentacle) {rF++ rC+ Str-5 Int+6}
   (You found it on level 15 of the Dungeon)

   [ring of protection from cold]

   It affects your strength (-5).
   It affects your intelligence (+6).
   It greatly protects you from fire.
   It protects you from cold.
 h - a +6 ring of dexterity (right tentacle)
 u - a +6 ring of strength
 w - a ring of protection from fire
 C - an amulet of guardian spirit (around mantle)
 M - a ring of protection from fire (on tentacle)
 N - the ring "Egguid" (on tentacle) {rElec rPois Will- MP-9 SInv}
   (You found it on level 3 of the Elven Halls)

   [ring of see invisible]

   It insulates you from electricity.
   It protects you from poison.
   It affects your magic capacity (-9).
   It lets you see invisible.
   It decreases your willpower.
 R - an amulet of regeneration
 T - a ring of willpower (on tentacle)
 U - a ring of willpower (on tentacle)
Wands
 l - a wand of mindburst (15)
 t - a wand of digging (5)
 z - a wand of iceblast (25)
 G - a wand of flame (31)
 V - a wand of paralysis (28)
 X - a wand of polymorph (18)
Scrolls
 a - 4 scrolls of brand weapon
 d - a scroll of immolation
 j - a scroll of silence
 m - 7 scrolls of holy word
 o - 6 scrolls of enchant armour
 p - 9 scrolls of teleportation
 s - 3 scrolls of summoning
 D - 4 scrolls of fog
 J - a scroll of fear
 O - 2 scrolls of magic mapping
 P - 7 scrolls of identify
 S - 3 scrolls of enchant weapon
Potions
 g - 8 potions of curing
 i - 7 potions of flight
 k - 4 potions of resistance
 n - a potion of berserk rage
 v - 4 potions of mutation
 x - 3 potions of haste
 A - 7 potions of might
 E - 3 potions of invisibility
 F - 3 potions of attraction
 H - 6 potions of ambrosia
 L - a potion of cancellation
 Y - 2 potions of magic {unknown}
 Z - a potion of lignification {unknown}
Miscellaneous
 W - a condenser vane (inert)


   Skills:
 + Level 14.0 Fighting
 - Level 10.0 Short Blades
 - Level 10.0 Throwing
 * Level 18.1 Dodging
 + Level 18.5 Stealth
 - Level 15.4 Shields
 - Level 6.0 Evocations


You had 18 spell levels left.
You didn't know any spells.
Your spell library contained the following spells:

 Spells                   Type           Power      Damage    Failure   Level
 Shock                    Conj/Air       0%         1d3       26%         1
 Static Discharge         Conj/Air       0%         N/A       38%         2
 Swiftness                Air            0%         N/A       63%         3
 Airstrike                Air            0%         N/A       95%         4
 Lightning Bolt           Conj/Air       0%         1d11      100%        5


Dungeon Overview and Level Annotations

Branches:
Dungeon (15/15)            Temple (0/1) D:7            Lair (6/6) D:11
  Swamp (4/4) Lair:2       Spider (1/4) Lair:4        Slime (0/5) Lair:6
    Orc (2/2) D:12            Elf (3/3) Orc:2        Vaults (0/5) D:13
 Depths (0/5) D:15          Sewer (visited)         Gauntlet (visited)

Altars:
Cheibriados
Dithmenos
Elyvilon
Fedhas
Kikubaaqudgha
Makhleb
Nemelex Xobeh
Ru
Sif Muna
Trog
Uskayaw
Wu Jian
Xom
Zin
The Shining One
Beogh

Shops:
D:13 [   D:14 [   Orc:2 !(?*   Elf:1 :   Elf:2 :(=*

Annotations:
D:9 2 transporters, temitten's ghost, novice SpEn
D:11 exclusion: ice statue
Lair:3 exclusion: oklob plant
Swamp:2 Roxanne
Elf:2 3 runed translucent doors


Innate Abilities, Weirdness & Mutations

You cannot wear most types of armour.
You are amphibious.
You can wear up to eight rings at the same time.
Your skin changes colour to match your surroundings (Stealth+).
Your rubbery body absorbs attacks. (AC +1, EV +1)
You are camouflaged near water. (Stealth+)
You have tentacles for arms and can constrict up to eight enemies at once.
You are partially covered in iridescent scales. (AC +2)


Message History

A fenstrider witch is nearby!
You hit the fenstrider witch. You burn the fenstrider witch.
You squeeze the fenstrider witch, but do no damage.
The fenstrider witch is lightly wounded.
You hit the fenstrider witch but do no damage.
Your squeeze misses the fenstrider witch.
The fenstrider witch is lightly wounded.
You block the fenstrider witch's attack.
The fenstrider witch completely misses you.
You hit the fenstrider witch. You burn the fenstrider witch.
You squeeze the fenstrider witch.
The fenstrider witch is lightly wounded.
You puncture the fenstrider witch! You burn the fenstrider witch.
Your squeeze misses the fenstrider witch.
The fenstrider witch is moderately wounded.
You puncture the fenstrider witch! You burn the fenstrider witch.
The fenstrider witch is heavily wounded.
The fenstrider witch casts a spell at you.
You suddenly lose the ability to move!
The fenstrider witch hits you but does no damage.
The fenstrider witch kicks you but does no damage.
The fenstrider witch hits you!! The fenstrider witch kicks you!
The fenstrider witch hits you but does no damage.
The fenstrider witch kicks you! The fenstrider witch hits you!
The fenstrider witch kicks you!
The fenstrider witch points at you and mumbles some strange words.
You resist with some effort.
The fenstrider witch hits you but does no damage.
The fenstrider witch kicks you but does no damage.
The six-headed hydra bites you! The six-headed hydra bites you.
The six-headed hydra bites you but does no damage.
The six-headed hydra bites you.
The six-headed hydra bites you but does no damage.
The six-headed hydra bites you! The fenstrider witch hits you.
The fenstrider witch kicks you!
* * * LOW HITPOINT WARNING * * *
The fenstrider witch hits you!!
* * * LOW HITPOINT WARNING * * *
The fenstrider witch kicks you!
You die...

♣.≈♣≈≈≈...≈...≈≈≈≈..♣ ♣♣#≈≈(≈#
≈.♣.≈≈≈≈≈≈≈≈≈≈≈§≈≈.♣♣ ♣≈##≈D.#
♣♣♣.≈≈≈≈≈≈≈≈≈≈≈≈≈≈.♣♣♣ .###†##
♣♣♣.≈≈≈≈≈≈≈§≈≈≈≈≈≈≈§≈♣♣♣≈#††## ♣
♣♣≈.≈≈≈...≈§≈≈≈≈≈≈≈≈≈≈♣♣.#≈†.# .♣
♣...≈§≈..♣§†≈≈≈≈≈≈≈≈..≈♣♣..†.#.♣♣
♣..♣♣♣♣♣≈.≈≈≈≈≈.≈≈≈#.≈♣♣♣♣..≈.♣♣♣
..≈≈♣ ♣♣♣♣♣≈≈†D♣≈≈≈.♣.♣♣♣..♣♣♣≈.
≈..≈♣ ♣♣♣♣♣≈≈.≈@H≈......≈..♣♣♣≈≈
≈.≈≈♣ ♣≈≈♣≈≈≈.≈.(≈..#≈..≈.≈.≈≈.♣
≈♣♣♣♣ ♣♣♣[.≈≈..≈≈(......≈.≈..≈..
♣♣ ♣.≈≈≈≈≈≈.≈≈.≈≈≈.≈.♣♣♣♣♣≈≈. ≈♣
♣♣≈≈≈≈≈≈≈≈≈≈.≈..≈≈.♣ ♣♣.. .♣♣♣
♣.≈≈≈≈≈≈≈≈§≈.≈..♣≈♣♣ ♣♣. ≈.§♣
♣.≈≈≈≈≈......≈≈≈♣♣♣ ♣♣♣ ♣♣ ≈≈.♣
♣♣.≈≈≈≈..≈.≈≈≈≈≈≈♣ ♣♣♣.♣♣♣. ≈≈.♣♣
♣.≈≈≈≈(.♣♣.≈≈≈≈≈♣♣♣.≈..♣.♣


You could see a six-headed hydra and a fenstrider witch.

Vanquished Creatures
  the Lernaean hydra (Swamp:4)
  Nikola (Swamp:3)
  Jorgrun (Elf:1)
  2 deep elf blademasters (Elf:3)
  2 deep elf master archers (Elf:3)
  Kirke (D:13)
  Agnes (Elf:1)
  Donald (Orc:2)
  3 deep elf sorcerers
  A balrug (Abyss:2)
  A frost giant (D:15)
  Louise (D:14)
  A deep elf elementalist (Elf:3)
  2 angels (Elf:1)
  4 deep elf demonologists (Elf:3)
  3 deep elf annihilators (Elf:3)
  A minotaur (Gauntlet)
  Azrael (D:13)
  2 dire elephants (Lair:6)
  Snorg (D:13)
  5 bunyips
  3 eleionomae
  6 deep elf death magi (Elf:3)
  Josephine (D:10)
  A shambling mangrove (Swamp:4)
  Harold (Lair:2)
  2 vault guards (D:13)
  5 boulder beetles
  2 deep elf high priests (Elf:3)
  A rakshasa (D:13)
  An ogre mage (D:15)
  27 hydras
  2 catoblepae (Lair:6)
  Erolcha (D:11)
  3 centaur warriors
  10 two-headed ogres
  10 dancing weapons
  5 alligators
  21 death yaks
  A spriggan berserker (Swamp:1)
  2 tengu warriors (D:15)
  7 orc high priests (Orc:2)
  8 deep elf knights
  A sun demon (Abyss:2)
  4 skeletal warriors (D:13)
  A sixfirhy (Gauntlet)
  8 swamp dragons
  5 spriggan druids
  7 goliath frogs
  4 deep elf archers
  A wizard (D:13)
  An orange crystal statue (Elf:2)
  7 bog bodies
  3 lindwurms
  6 orc knights
  26 deep elf pyromancers
  5 ugly things
  7 cyclopes
  An orb spider (Lair:4)
  2 will-o-the-wisps
  19 deep elf zephyrmancers
  4 manticores
  3 orc sorcerers
  An ice statue (Gauntlet)
  4 black mambas
  A smoke demon (Abyss:2)
  2 gargoyles (D:13)
  11 cane toads
  A yaktaur (D:13)
  2 unseen horrors
  Maggie (Lair:2)
  A komodo dragon (shapeshifter) (D:15)
  8 rime drakes
  15 komodo dragons
  2 ice devils (Lair:6)
  A tengu conjurer (D:13)
  3 efreet
  A red devil (Abyss:2)
  9 trolls
  3 polar bears
  8 tyrant leeches
  5 hornets
  A raiju (Abyss:2)
  18 blink frogs
  6 dream sheep (Lair:3)
  13 slime creatures
  9 flying skulls (Gauntlet)
  6 air elementals
  6 spriggans
  A vampire (Abyss:2)
  4 wraiths
  5 water elementals
  75 yaks
  4 wyverns
  3 basilisks
  A hog (shapeshifter) (D:14)
  4 fire elementals
  5 humans
  4 small abominations (Abyss:2)
  8 vampire mosquitoes
  2 neqoxecs (Abyss:2)
  2 steam dragons
  8 wargs
  22 swamp worms
  4 acid dragons
  Duvessa (D:6)
  2 hell hounds (D:13)
  21 water moccasins
  22 orc warriors
  4 black bears
  7 swamp drakes
  10 ogres
  26 wolves
  9 centaurs
  A kobold brigand (D:9)
  A gnoll sergeant (D:10)
  An earth elemental (Elf:1)
  11 bullfrogs
  A wyvern zombie (D:8)
  Dowan (D:6)
  2 scorpions
  5 killer bees (D:9)
  An electric eel (Lair:2)
  2 howler monkeys
  2 centaur zombies
  A gnoll shaman (D:6)
  2 hounds
  An iron imp (Abyss:2)
  A jelly (D:8)
  3 bullfrog skeletons
  47 orc priests
  An iguana (D:5)
  2 scorpion zombies (D:5)
  24 orc wizards
  A killer bee zombie (D:6)
  A howler monkey zombie (D:6)
  Robin (D:3)
  15 gnolls
  9 adders
  A howler monkey skeleton (D:6)
  A white imp (D:6)
  6 ufetubi
  An adder skeleton (D:4)
  A worm (D:5)
  A dart slug (D:4)
  95 orcs
  19 ball pythons
  2 bats (D:2)
  16 endoplasms
  9 giant cockroaches
  18 goblins
  11 hobgoblins
  3 jackals (D:2)
  22 quokkas
  12 frilled lizards
  13 kobolds
  7 rats
1038 creatures vanquished.

Vanquished Creatures (others)
  2 bloated husks
  An air elemental (Elf:3)
  A jelly (Abyss:2)
  A bush (Lair:6)
  7 foxfires
  65 fungi
  85 plants
162 creatures vanquished.

Grand Total: 1200 creatures vanquished

Notes
Turn   | Place    | Note
-------+----------+-------------------------------------------
     0 | D:1      | Froggeryz the Octopode Berserker began the quest for the
                  | Orb.
     0 | D:1      | Reached XP level 1. HP: 16/16 MP: 1/1
   163 | D:1      | Reached skill level 1 in Stealth
   167 | D:1      | Reached XP level 2. HP: 14/21 MP: 2/2
   969 | D:2      | Reached XP level 3. HP: 24/26 MP: 3/3
  1055 | D:2      | Found a faded altar of an unknown god.
  1204 | D:2      | Reached ** piety under Trog
  2002 | D:3      | Noticed Robin
  2153 | D:3      | Reached XP level 4. HP: 31/31 MP: 4/4
  2874 | D:3      | Killed Robin
  2885 | D:3      | Reached XP level 5. HP: 36/36 MP: 5/5
  2885 | D:3      | Reached *** piety under Trog
  3336 | D:3      | Reached skill level 5 in Short Blades
  3661 | D:4      | Found a sacrificial altar of Ru.
  4334 | D:4      | Reached XP level 6. HP: 42/42 MP: 6/6
  4801 | D:5      | Entered Level 5 of the Dungeon
  5169 | D:5      | Reached XP level 7. HP: 45/47 MP: 7/7
  5204 | D:5      | Found a glowing drain.
  5212 | Sewer    | Entered a sewer
  5358 | Sewer    | Reached **** piety under Trog
  6277 | D:5      | Found a sparkling altar of Nemelex Xobeh.
  6349 | D:5      | Reached skill level 5 in Dodging
  6349 | D:5      | Reached XP level 8. HP: 54/54 MP: 8/8
  6718 | D:6      | Noticed Dowan
  6719 | D:6      | Noticed Duvessa
  6721 | D:6      | Killed Duvessa
  6727 | D:6      | Killed Dowan
  7035 | D:6      | Reached skill level 5 in Fighting
  7076 | D:6      | You fall into a shaft and drop 3 floors!
  7095 | D:9      | Noticed a yak
  7095 | D:9      | Noticed a yak
  7121 | D:9      | Noticed temitten's ghost (novice SpEn)
  7122 | D:9      | Noticed a two-headed ogre
  7122 | D:9      | Identified the +10 great mace "Xalilusu" {protect, rElec
                  | rPois Str-2 Stlth+}
  7122 | D:9      | Identified the +4 dire flail of Integrity {drain, Int+3}
  7122 | D:9      | Noticed a two-headed ogre
  7205 | D:8      | Reached ***** piety under Trog
  7276 | D:8      | Noticed a rime drake
  7285 | D:8      | Found the +4 skin of Zhor {*Englaciate rC+++ SInv}
  7540 | D:6      | Reached XP level 9. HP: 61/61 MP: 9/9
  7690 | D:7      | Found a staircase to the Ecumenical Temple.
  7829 | D:7      | Found a snail-covered altar of Cheibriados.
  8142 | D:8      | Noticed a two-headed ogre
  8179 | D:8      | Killed a two-headed ogre
  8180 | D:8      | Reached skill level 5 in Stealth
  8430 | D:8      | Reached XP level 10. HP: 53/66 MP: 10/10
  8467 | D:8      | Reached skill level 10 in Short Blades
  8965 | D:8      | Noticed a cyclops
  8975 | D:8      | Killed a cyclops
  9311 | D:8      | Found a glowing golden altar of the Shining One.
  9312 | D:8      | Found a shimmering blue altar of Sif Muna.
  9315 | D:8      | Found an ancient bone altar of Kikubaaqudgha.
  9422 | D:8      | Found a bloodstained altar of Trog.
  9422 | D:8      | Found an ornate altar of the Wu Jian Council.
  9430 | D:8      | Found a burning altar of Makhleb.
  9432 | D:8      | Found a shadowy altar of Dithmenos.
  9434 | D:8      | Found a blossoming altar of Fedhas.
  9501 | D:9      | Found a transporter.
  9508 | D:9      | Found a transporter.
  9565 | D:9      | Received a gift from Trog
  9814 | D:9      | Reached skill level 10 in Dodging
 10526 | D:8      | Reached XP level 11. HP: 72/72 MP: 11/11
 10560 | D:9      | Reached skill level 10 in Stealth
 10630 | D:10     | Entered Level 10 of the Dungeon
 10630 | D:10     | Noticed a two-headed ogre
 10632 | D:10     | Killed a two-headed ogre
 10663 | D:10     | Noticed Josephine
 10678 | D:10     | Killed Josephine
 11326 | D:10     | Noticed a +0 hand axe
 11327 | D:10     | Noticed a +0 hand axe
 11332 | D:10     | Found a hide-covered altar of Uskayaw.
 11650 | D:10     | Received a gift from Trog
 11802 | D:11     | Noticed Erolcha
 11805 | D:11     | Noticed a boulder beetle
 11999 | D:11     | Noticed a two-headed ogre
 12023 | D:11     | Killed a boulder beetle
 12024 | D:11     | Reached skill level 1 in Throwing
 12104 | D:11     | Killed a two-headed ogre
 12314 | D:11     | Reached XP level 12. HP: 72/81 MP: 12/12
 12446 | D:11     | Killed Erolcha
 12501 | D:11     | Found a staircase to the Lair.
 12828 | Lair:1   | Entered Level 1 of the Lair of Beasts
 12898 | Lair:1   | Reached skill level 5 in Throwing
 13755 | Lair:2   | Noticed Maggie
 13755 | Lair:2   | Noticed a death yak
 13760 | Lair:2   | Killed Maggie
 13772 | Lair:2   | Noticed a death yak
 13772 | Lair:2   | Noticed a death yak
 13772 | Lair:2   | Noticed a death yak
 13790 | Lair:2   | Killed a death yak
 13791 | Lair:2   | Reached skill level 10 in Fighting
 13794 | Lair:2   | Noticed a death yak
 13795 | Lair:2   | Noticed a death yak
 13795 | Lair:2   | Noticed a death yak
 13816 | Lair:2   | Killed a death yak
 13825 | Lair:2   | Killed a death yak
 13837 | Lair:2   | Killed a death yak
 13838 | Lair:2   | Reached XP level 13. HP: 31/93 MP: 4/13
 14392 | Lair:2   | Reached skill level 1 in Evocations
 14565 | Lair:2   | Received a gift from Trog
 15167 | Lair:2   | Noticed Harold
 15178 | Lair:2   | Killed Harold
 15612 | Lair:2   | Reached skill level 5 in Evocations
 15846 | Lair:2   | Found a staircase to the Swamp.
 17465 | Lair:4   | Found a hole to the Spider Nest.
 17588 | Lair:4   | Reached XP level 14. HP: 101/101 MP: 14/14
 17643 | Lair:4   | You fall into a shaft and drop 1 floor!
 17976 | Lair:5   | Reached skill level 15 in Dodging
 19488 | Spider:1 | Entered Level 1 of the Spider Nest
 19736 | Lair:4   | Reached skill level 1 in Shields
 20450 | Lair:6   | Entered Level 6 of the Lair of Beasts
 20709 | Lair:6   | Identified the +9 short sword "Vimp" {flame, Str+2 Dex+4}
                  | (Trog gifted it to you on level 6 of the Lair of Beasts)
 20709 | Lair:6   | Received a gift from Trog
 20710 | Lair:6   | Reached skill level 5 in Shields
 21411 | Lair:6   | Found a staircase to the Slime Pits.
 22111 | Lair:5   | Reached XP level 15. HP: 90/107 MP: 12/15
 22826 | Lair:6   | Reached skill level 15 in Stealth
 23846 | D:12     | Identified the +3 leather armour "Bahemp" {rElec}
 23871 | D:12     | Received a gift from Trog
 23886 | D:12     | Found a staircase to the Orcish Mines.
 24513 | D:12     | Reached ****** piety under Trog
 24960 | Orc:1    | Entered Level 1 of the Orcish Mines
 24960 | Orc:1    | Found a shimmering altar of Xom.
 25475 | Orc:2    | Entered Level 2 of the Orcish Mines
 25753 | Orc:2    | Noticed Donald
 25762 | Orc:2    | Killed Donald
 26254 | Orc:1    | Reached skill level 10 in Throwing
 26572 | Orc:2    | Found Nicelaar's Distillery.
 26572 | Orc:2    | Found Jutohuci's Antique Weapon Boutique.
 26666 | Orc:2    | Found Ceobirgh's Assorted Antiques.
 26666 | Orc:2    | Found Qikaqoced's Magic Scroll Shoppe.
 26674 | Orc:2    | Found a staircase to the Elven Halls.
 27416 | Orc:1    | Received a gift from Trog
 27945 | Orc:2    | Bought a scroll of enchant weapon for 240 gold pieces
 27946 | Orc:2    | Bought a scroll of teleportation for 96 gold pieces
 27955 | Orc:2    | Bought a scroll of magic mapping for 59 gold pieces
 28296 | Orc:2    | Bought a potion of might for 48 gold pieces
 28296 | Orc:2    | Bought 2 potions of haste for 240 gold pieces
 28296 | Orc:2    | Bought a potion of might for 48 gold pieces
 28296 | Orc:2    | Bought 2 potions of resistance for 240 gold pieces
 28296 | Orc:2    | Bought a potion of mutation for 96 gold pieces
 28296 | Orc:2    | Bought a potion of invisibility for 96 gold pieces
 28296 | Orc:2    | Bought a potion of curing for 36 gold pieces
 28333 | Orc:2    | Bought a scroll of teleportation for 51 gold pieces
 28333 | Orc:2    | Bought a scroll of fear for 59 gold pieces
 28766 | D:13     | Reached XP level 16. HP: 76/114 MP: 11/16
 28979 | D:13     | Noticed Snorg
 29103 | D:13     | Killed Snorg
 29547 | D:13     | Cast into level 2 of the Abyss (a wizard)
 29646 | Abyss:2  | Noticed a bone dragon
 29678 | Abyss:2  | Gained mutation: Potions are less effective at restoring
                  | your health. [a neqoxec]
 29941 | Abyss:2  | Received a gift from Trog
 30115 | Abyss:2  | Found a corrupted altar of Lugonu.
 30130 | Abyss:2  | Found a corrupted altar of Lugonu.
 30218 | Abyss:2  | Noticed a bone dragon
 30220 | Abyss:2  | Gained mutation: You tend to lose your temper in combat. [a
                  | neqoxec]
 30221 | Abyss:2  | Reached skill level 10 in Shields
 30222 | Abyss:2  | Lost mutation: You tend to lose your temper in combat.
                  | [potion of mutation]
 30222 | Abyss:2  | Lost mutation: Potions are less effective at restoring your
                  | health. [potion of mutation]
 30222 | Abyss:2  | Gained mutation: You are partially covered in iridescent
                  | scales. (AC +2) [potion of mutation]
 30260 | Abyss:2  | Noticed a tentacled starspawn
 30276 | D:13     | Escaped the Abyss
 30712 | D:13     | Noticed Kirke
 30725 | D:13     | Killed Kirke
 30734 | D:13     | Found Ovvah's Armour Emporium.
 30864 | D:13     | Noticed Azrael
 30909 | D:13     | Killed Azrael
 31144 | D:13     | Found a gate to the Vaults.
 31622 | D:14     | Found Necutol's Antique Armour Emporium.
 31869 | D:14     | Found a gate leading to a gauntlet.
 31874 | Gauntlet | Entered a Gauntlet
 31874 | Gauntlet | Found a large runed translucent door.
 31874 | Gauntlet | Found a large runed translucent door.
 31874 | Gauntlet | Found a large runed translucent door.
 31874 | Gauntlet | Found a large runed translucent door.
 31874 | Gauntlet | Found a large runed translucent door.
 31874 | Gauntlet | Found a transporter.
 31874 | Gauntlet | Found a large runed translucent door.
 31874 | Gauntlet | Found a large runed translucent door.
 31874 | Gauntlet | Found a large runed translucent door.
 31874 | Gauntlet | Found a runed translucent door.
 31874 | Gauntlet | Found a runed translucent gate.
 31874 | Gauntlet | Found a runed translucent gate.
 31874 | Gauntlet | Found a transporter.
 31874 | Gauntlet | Found a transporter.
 31877 | Gauntlet | Found a runed translucent door.
 31877 | Gauntlet | Found a runed translucent gate.
 31879 | Gauntlet | Found a large runed translucent door.
 31879 | Gauntlet | Found a large runed translucent door.
 31879 | Gauntlet | Found a large runed translucent door.
 31879 | Gauntlet | Found a large runed translucent door.
 31880 | Gauntlet | Found a large runed translucent door.
 31880 | Gauntlet | Found a large runed translucent door.
 31881 | Gauntlet | Found a large runed translucent door.
 31881 | Gauntlet | Found a large runed translucent door.
 31895 | Gauntlet | Found a transporter.
 31905 | Gauntlet | Found a transporter.
 31908 | Gauntlet | Found a transporter.
 31920 | Gauntlet | Found a transporter.
 31938 | Gauntlet | Found a transporter.
 31952 | Gauntlet | Found a transporter.
 31955 | Gauntlet | Found a transporter.
 31957 | Gauntlet | Found a runed translucent gate.
 31957 | Gauntlet | Found a runed translucent gate.
 31957 | Gauntlet | Found a runed translucent gate.
 31963 | Gauntlet | Found a transporter.
 31966 | Gauntlet | Found a transporter.
 32806 | D:14     | Noticed Louise
 32999 | D:14     | Killed Louise
 33403 | D:15     | Entered Level 15 of the Dungeon
 33698 | D:15     | Identified the ring of Piots {rF++ rC+ Str-5 Int+6}
 33845 | D:15     | Identified the +4 hunting sling of Okawaru's Castigation
                  | {venom, rPois rN+++ Int+3}
 34099 | D:15     | Found a staircase to the Depths.
 34111 | D:15     | Reached XP level 17. HP: 119/119 MP: 17/17
 34435 | Swamp:1  | Entered Level 1 of the Swamp
 35119 | Elf:1    | Entered Level 1 of the Elven Halls
 35165 | Elf:1    | Noticed Agnes
 35186 | Elf:1    | Killed Agnes
 35236 | Elf:1    | Found a white marble altar of Elyvilon.
 35236 | Elf:1    | Found a glowing silver altar of Zin.
 35238 | Elf:1    | Found a ruined gateway.
 35239 | Elf:1    | Found a glowing golden altar of the Shining One.
 35611 | Elf:1    | Received a gift from Trog
 35783 | Elf:1    | Reached skill level 15 in Shields
 36005 | Elf:1    | Noticed Jorgrun
 36022 | Elf:1    | Killed Jorgrun
 36377 | Elf:1    | Paralysed by an air elemental for 1 turns
 36665 | Elf:1    | Found Juisuhia's Book Shop.
 36749 | Elf:2    | Found Qapseimu's Antique Weapon Boutique.
 37069 | Elf:2    | Found a runed translucent gate.
 37069 | Elf:2    | Found a runed translucent gate.
 37069 | Elf:2    | Found a runed translucent gate.
 37335 | Elf:2    | Found Ufomas's General Store.
 37342 | Elf:2    | Bought a potion of curing for 48 gold pieces
 37342 | Elf:2    | Bought a scroll of fog for 32 gold pieces
 37343 | Elf:2    | Found Ublisent's Jewellery Emporium.
 37414 | Elf:2    | Found Kireo's Book Shop.
 37558 | Elf:2    | Found an ancient bone altar of Kikubaaqudgha.
 37639 | Elf:3    | Entered Level 3 of the Elven Halls
 37657 | Elf:3    | Received a gift from Trog
 37803 | Elf:3    | Noticed a deep elf master archer
 37806 | Elf:3    | Noticed a deep elf blademaster
 37821 | Elf:3    | Noticed a deep elf blademaster
 37826 | Elf:3    | Killed a deep elf blademaster
 37827 | Elf:3    | Reached XP level 18. HP: 93/127 MP: 11/18
 37828 | Elf:3    | Paralysed by an air elemental for 1 turns
 37829 | Elf:3    | Noticed a deep elf master archer
 37829 | Elf:3    | Killed a deep elf master archer
 37834 | Elf:3    | Killed a deep elf blademaster
 37837 | Elf:3    | Paralysed by an air elemental for 1 turns
 37838 | Elf:3    | Killed a deep elf master archer
 38152 | Elf:3    | Identified the ring "Egguid" {rElec rPois Will- MP-9 SInv}
 38211 | Elf:3    | Identified the +1 war axe "Octopus's Foe" {flame, Dex+3}
 38278 | Elf:3    | Identified the +7 falchion of the Dripping Fox {protect,
                  | +Rage Will+}
 38495 | Elf:3    | Received a gift from Trog
 38626 | Elf:3    | Found an ancient bone altar of Kikubaaqudgha.
 40136 | Swamp:2  | Noticed Roxanne
 41324 | Swamp:3  | Received a gift from Trog
 41481 | Swamp:3  | Noticed Nikola
 41490 | Swamp:3  | Killed Nikola
 41533 | Swamp:4  | Entered Level 4 of the Swamp
 42058 | Swamp:4  | Reached XP level 19. HP: 135/135 MP: 10/19
 42680 | Swamp:4  | Noticed the 27-headed Lernaean hydra
 42692 | Swamp:4  | Killed the 27-headed Lernaean hydra
 43059 | Swamp:4  | Paralysed by a fenstrider witch for 6 turns
 43065 | Swamp:4  | Slain by a fenstrider witch

Illustrated notes

Levels and vault maps discovered:
D:1:      wander_arrival_lonely_grave, layout_basic, minmay_pentomino_x2
D:2:      layout_loops_ring, chequers_ecumenical_altar_simple
D:3:      minmay_diamond_boxcup, layout_loops_corners, uniq_robin
D:4:      layout_basic, nicolae_ru_great_annihilating_truth,
          hangedman_decor_peaks_small, amcnicky_mini_rare_corridor_liquid,
          eino_small_chamber_without_monster
D:5:      layout_cave_pods, nemelex_dance_club_becter, gup_sewer_entry_bubbles
D:6:      layout_basic, uniq_duvessa
D:7:      layout_basic, old_standard_altar, minmay_temple_entry_statues,
          hex_tiny, chequers_serial_rivers_large_a
D:8:      layout_loops_ring, minitemple, chequers_temple_overflow_minitemple,
          st_stairs_1, minmay_misc_feat_more_columns,
          hellmonk_guarded_unrand_zhor
D:9:      layout_basic, gammafunk_ghost_smash, st_stairs_3, minmay_crystal_room
D:10:     layout_loops_ring, dancing_weapons_uskayaw, uniq_josephine
D:11:     lemuel_ice_statue, layout_rooms, due_lair_maze_entry_diamond,
          minmay_misc_feat_pillars, uniq_erolcha
D:12:     layout_basic, erik_orc_4
D:13:     layout_cave_pools, grunt_vaults_entry_fortified, serial_shops, shop,
          serial_co_window_serial, co_window_of_opportunity_a,
          co_window_of_opportunity_a, co_window_paths_b, co_window_paths_b,
          co_window_paths_b, co_window_broadway_c, co_window_corner_cb,
          co_window_unsneaky_path_c, co_window_4corner_b, co_window_sun,
          glass_columns_a, glass_columns_b, glass_columns_a, glass_columns_c,
          abandoned_shop, uniq_kirke, uniq_snorg, uniq_azrael
D:14:     layout_cave_pods, minmay_tree_intersection, serial_shops,
          kennysheep_mini, gauntlet_entry_generic, uniq_louise
D:15:     grunt_enter_depths_snipers, layout_irregular_city
Lair:1:   layout_long_grid
Lair:2:   layout_loops_ring, nicolae_swamp_entry_splash_gauntlet,
          forest_entry_grove, uniq_harold, uniq_maggie
Lair:3:   layout_hall_layers, minmay_lair_oklob_bushes, bh_autumn_forest_stairs
Lair:4:   layout_cave_pods, nicolae_spider_entry_orb_guardian, st_stairs_5,
          lookout_lair_type
Lair:5:   beast_lair_carwin_large_4, layout_layer_cave, st_stairs_13
Lair:6:   hangedman_lair_in_review, layout_regular_city, slime_dummy,
          portal_ice_cave_demonic_guard
Swamp:1:  layout_falls_marsh, nicolae_swamp_triple_paths, swamp_pool1
Swamp:2:  layout_falls_marsh, serial_swamp_ruin, evilmike_swamp_ruin_house_2,
          evilmike_swamp_ruin_house_3, uniq_roxanne
Swamp:3:  layout_basic_swamp, nicolae_swamp_tree_isthmus, uniq_nikola
Swamp:4:  swamp_old_school, layout_basic_swamp, infiniplex_staircase_pool_2
Spider:1: layout_spider_delve, uniq_asterion
Orc:1:    layout_diamond_mine, basic_altar, guppyfry_library_mini
Orc:2:    st_orc_town, layout_caves, uniq_donald
Elf:1:    eino_elf_arrival_sip, layout_onion_city, serial_shops,
          nicolae_shop_behind_doors, portal_desolation_entry_holy_temple,
          st_stairs_6, uniq_agnes, uniq_jorgrun
Elf:2:    layout_loops_ring, serial_shops, shop, shop,
          nicolae_shop_behind_doors, shop, minivault_16,
          david_defended_altar_elf
Elf:3:    grunt_elf_hall_asides, layout_gridlike, basic_altar

Skill      XL: |  1  2  3  4  5  6  7  8  9 10 11 12 13 14 15 16 17 18 19 |
---------------+----------------------------------------------------------+-----
Stealth        | 1 2 3 4 6 9 11 12 14 16 18 | 18.5
Short Blades   | 4 5 6 7 8 9 10 | 10.0
Dodging        | 5 6 8 10 12 13 14 15 16 17 18 | 18.1
Fighting       | 4 5 7 10 11 12 13 14 | 14.0
Throwing       | 3 5 7 10 | 10.0
Evocations     | 6 |  6.0
Shields        | 5 7 13 15 | 15.4

Action                   |  1- 3 |  4- 6 |  7- 9 | 10-12 | 13-15 | 16-18 | 19-21 || total
-------------------------+-------+-------+-------+-------+-------+-------+-------++-------
Melee: Short sword       |    61 |       |       |       |       |       |       ||    61
       Constrict         |    21 |    41 |    41 |    44 |   152 |   143 |     8 ||   450
       Tentacles         |    21 |    40 |    63 |   217 |   613 |   525 |    90 ||  1569
       Dagger            |    11 |   127 |   208 |    51 |       |       |       ||   397
       Quick blade       |       |       |       |   438 |  1301 |  1201 |   190 ||  3130
Throw: Dart              |       |     3 |     6 |     1 |    12 |    15 |     1 ||    38
       Javelin           |       |       |       |       |       |     3 |     4 ||     7
Invok: Berserk           |     1 |     3 |     7 |     3 |     4 |     8 |     1 ||    27
       Trog's Hand       |       |     1 |       |     1 |     4 |    10 |     1 ||    17
       Brothers in Arms  |       |       |       |       |       |       |     2 ||     2
Evoke: Wand              |       |       |       |       |    14 |     3 |     4 ||    21
       Condenser vane    |       |       |       |       |       |     2 |     1 ||     3
  Use: Scroll            |       |     4 |     5 |     8 |    16 |     7 |     2 ||    42
       Potion            |       |       |       |       |     1 |    10 |       ||    11
 Stab: Sleeping          |    13 |    10 |    30 |    26 |    30 |    56 |     2 ||   167
       Paralysed         |       |     1 |       |       |       |       |       ||     1
       Distracted        |       |       |       |     5 |    16 |    14 |     1 ||    36
Armor: Skin              |     4 |     1 |     5 |     2 |     6 |     9 |    12 ||    39
Dodge: Dodged            |    40 |    61 |    79 |   175 |   566 |   393 |   108 ||  1422
Block: Buckler           |       |       |       |       |   135 |   106 |       ||   241
       Kite shield       |       |       |       |       |       |   143 |    82 ||   225
       Reflection        |       |       |       |       |       |     3 |     1 ||     4

Table legend: (Time is in decaauts)
 A = Elapsed time spent in this place.
 B = Non-inter-level travel time spent in this place.
 C = Inter-level travel time spent in this place.
 D = Time resting spent in this place.
 E = Time spent auto-exploring this place.
 F = Levels seen in this place.
 G = Mean time per level.
                   A        B        C        D        E       F      G
               +--------+--------+--------+--------+--------+-----+--------+
         Total |  41041 |  38566 |   2475 |   9811 |  21237 |  34 | 1207.1 |
       Dungeon |  17428 |  16413 |   1015 |   3342 |  10206 |  15 | 1161.9 |
          Lair |  10848 |   9927 |    921 |   1849 |   6335 |   6 | 1808.0 |
         Swamp |   4000 |   3880 |    120 |   1438 |   1710 |   4 | 1000.0 |
   Spider Nest |      1 |      1 |      0 |      0 |      0 |   1 |    1.0 |
  Orcish Mines |   3504 |   3182 |    322 |   1466 |   1144 |   2 | 1752.0 |
   Elven Halls |   3364 |   3268 |     96 |    898 |   1563 |   3 | 1121.3 |
         Abyss |    661 |    661 |      0 |    365 |      9 |   1 |  661.0 |
         Sewer |    560 |    560 |      0 |     85 |    270 |   1 |  560.0 |
      Gauntlet |    671 |    671 |      0 |    366 |      0 |   1 |  671.0 |
               +--------+--------+--------+--------+--------+-----+--------+

Top non-repeatable levels by time:
  Lair:5: 2543 daAuts
  Lair:2: 2502 daAuts
   Orc:1: 2329 daAuts
  Lair:6: 1919 daAuts
     D:8: 1889 daAuts
    D:12: 1748 daAuts
    D:13: 1596 daAuts
   Elf:1: 1548 daAuts
  Lair:4: 1499 daAuts
     D:3: 1460 daAuts
    D:10: 1321 daAuts
     D:4: 1271 daAuts
  Lair:1: 1241 daAuts
 Swamp:3: 1234 daAuts
     D:5: 1225 daAuts
